WASHINGTON vs CAROLINA

Created - May 19, 2021 at 12:56

Goals
1 2 3 T
WASHINGTON 0 2 1 3
CAROLINA 1 0 0 1
Shots
1 2 3 T
WASHINGTON 7 12 16 35
CAROLINA 9 7 8 24

1st period

1. CAROLINA , Erik Karlsson 8 (Alexander Radulov 31, Dominik Kubalik 22) at 7:53 (PP)

Penalties :
Casey Cizikas (WSH) for Roughing (Minor) at 1:38, Ryan Graves (WSH) for High sticking (Minor) at 6:00, Josh Brown (CAR) for Goalie Interference (Minor) at 12:19

2nd period

2. WASHINGTON , Blake Wheeler 17 (Zach Parise 32, Radko Gudas 15) at 8:19
3. WASHINGTON , Luke Glendening 5 (Cal Clutterbuck 9, Ryan Graves 15) at 8:42

Penalties :
Matt Martin (CAR) for Roughing (Double Minor) at 13:40

3rd period

4. WASHINGTON , Zach Parise 17 (Brayden Schenn 13, Ryan O'Reilly 29) at 16:15 (PP)

Penalties :
Casey Cizikas (WSH) for Delaying the game (Minor) at 0:38, Shea Weber (CAR) for Tripping (Minor) at 12:02, Erik Karlsson (CAR) for Hooking (Minor) at 15:40, Matt Martin (CAR) for Slashing (Minor) at 16:59

Goalie Stats

Carter Hart (WSH), 23 saves from 24 shots - (0.958), W, 30-18-6, 60:00 minutes
Sergei Bobrovsky (CAR), 32 saves from 35 shots - (0.914), L, 29-27-4, 60:00 minutes

Players Stats for WASHINGTON

Player Name              G  A  P  +/- PIM S  H  SB GA TA FO     MP     PP MP  PK MP  
------------------------------------------------------------------------------------
Blake Wheeler            1  0  1   1  0   4  0  0  0  0  0/3    19:54   5:24   2:42 
Brayden Schenn           0  1  1   0  0   1  3  0  0  0  3/4    16:35   4:26   0:00 
Brendan Gallagher        0  0  0   0  0   4  0  0  0  0  2/2    17:28   5:18   0:00 
Cal Clutterbuck          0  1  1   1  0   1  2  0  0  0  0/1     9:32   0:00   2:01 
Casey Cizikas            0  0  0   1  4   0  5  0  0  0  8/15   12:54   0:00   1:08 
Clayton Keller           0  0  0   0  0   3  0  0  0  0  0/1    17:28   5:18   0:00 
Damon Severson           0  0  0   1  0   4  0  3  0  0  0/0    22:31   5:24   2:14 
Dylan DeMelo             0  0  0   0  0   1  0  0  0  0  0/0    15:14   0:00   1:20 
Justin Williams          0  0  0   0  0   1  1  0  0  0  0/1    12:56   0:47   0:00 
Luke Glendening          1  0  1   1  0   3  0  0  0  0  5/12    9:32   0:00   2:01 
Matt Niskanen            0  0  0   0  0   1  4  1  0  0  0/0    24:07   5:07   3:23 
Radko Gudas              0  1  1   1  0   0  2  2  0  0  0/0    14:58   0:00   0:05 
Ryan Getzlaf             0  0  0   0  0   3  1  0  0  0  14/22  17:51   5:18   0:23 
Ryan Graves              0  1  1   1  2   0  3  0  0  0  0/0    14:46   0:00   1:39 
Ryan O'Reilly            0  1  1   0  0   2  0  0  0  0  12/21  20:34   5:13   3:12 
Sam Bennett              0  0  0   1  0   0  0  0  0  0  0/0     7:46   0:00   0:15 
Victor Hedman            0  0  0   1  0   3  1  0  0  0  0/0    22:59   5:07   3:01 
Zach Parise              1  1  2   1  0   4  0  0  0  0  1/1    17:01   5:13   0:00 

Players Stats for CAROLINA

Player Name              G  A  P  +/- PIM S  H  SB GA TA FO     MP     PP MP  PK MP  
------------------------------------------------------------------------------------
Adam Henrique            0  0  0  -1  0   3  0  1  0  0  2/4    20:39   2:41   2:16 
Alexander Radulov        0  1  1   0  0   0  1  0  0  0  0/2    21:22   3:10   6:51 
Brent Burns              0  0  0   0  0   1  1  1  0  0  0/0    26:49   3:24   6:52 
CAR Cap Hit              0  0  0   0  0   0  0  0  0  0  0/0     2:41   0:00   0:14 
Cooper Marody            0  0  0   0  0   0  0  0  0  0  0/1     3:13   0:00   0:00 
Deryk Engelland          0  0  0  -1  0   0  3  2  0  0  0/0    20:39   2:27   3:39 
Dominik Kubalik          0  1  1   0  0   2  3  0  0  0  0/0    17:24   3:10   2:53 
Erik Karlsson            1  0  1  -1  2   2  1  0  0  0  0/0    20:38   2:27   3:39 
Joel L'Esperance         0  0  0  -1  0   1  1  0  0  0  0/0    14:34   0:00   1:12 
Josh Brown               0  0  0  -1  2   0  1  2  0  0  0/0    13:52   0:00   1:21 
Kyle Clifford            0  0  0  -1  0   3  2  0  0  0  1/1    18:54   2:41   0:31 
Luke Kunin               0  0  0  -1  0   3  1  0  0  0  7/15   18:23   2:41   0:00 
Matt Benning             0  0  0  -1  0   0  1  1  0  0  0/0    12:32   0:00   0:00 
Matt Martin              0  0  0  -1  6   1  3  0  0  0  1/1    13:20   0:00   0:00 
Nicklas Backstrom        0  0  0   0  0   3  1  1  0  0  18/39  24:46   3:10   7:02 
Ross Colton              0  0  0   0  0   0  0  0  0  0  1/2     3:30   0:00   0:17 
Sam Lafferty             0  0  0  -1  0   3  1  0  0  0  8/18   13:22   0:00   0:00 
Shea Weber               0  0  0   0  2   2  2  2  0  0  0/0    22:46   3:24   5:17 

3 Stars

1 - Zach Parise (WSH)
2 - Blake Wheeler (WSH)
3 - Luke Glendening (WSH)

Power Play

WASHINGTON - 1 on 6 Attempt(s) - 16.67%
CAROLINA - 1 on 3 Attempt(s) - 33.33%

Penalty Kill

WASHINGTON - 2 on 3 Attempt(s) - 66.67% - Score 0 goal in Penalty Kill
CAROLINA - 5 on 6 Attempt(s) - 83.33% - Score 0 goal in Penalty Kill

Team Stat

WASHINGTON - Hits : 22 - Faceoff Wins : 45 - Blocked Shots : 6 - Penalty Minutes : 6
CAROLINA - Hits : 22 - Faceoff Wins : 38 - Blocked Shots : 10 - Penalty Minutes : 12

Official

Referees : Mike Venner and Marc Joannette
Linesman : Adam Buckingham and Devin Berg

Game Notes

No Game Note

Finance

Level 1 -- Attendance: 4430 (73.83%) -- Ticket Income $443,000
Level 2 -- Attendance: 3521 (70.42%) -- Ticket Income $211,260
Level 3 -- Attendance: 1957 (97.85%) -- Ticket Income $68,495
Level 4 -- Attendance: 3841 (96.03%) -- Ticket Income $76,820
Luxury Box -- Attendance: 737 (73.70%) -- Ticket Income $147,400
Game was played at the PNC Center.
Total Attendance: 14486 (80.48%)
Total Ticket Income: $946,975
Total Income: $946,975

WASHINGTON

5 vs 5 Forward 
   Center                   Left Wing                Right Wing               Time % Phy DF OF 
 1 Ryan O'Reilly            Brayden Schenn           Justin Williams          30     0   2  3  
 2 Ryan Getzlaf             Clayton Keller           Brendan Gallagher        30     0   2  3  
 3 Casey Cizikas            Zach Parise              Blake Wheeler            30     0   2  3  
 4 Luke Glendening          Sam Bennett              Cal Clutterbuck          10     2   2  1  

5 vs 5 Defense 
   Defense                  Defense                                           Time % Phy DF OF 
 1 Victor Hedman            Ryan Graves                                       30     1   3  1  
 2 Damon Severson           Radko Gudas                                       30     1   3  1  
 3 Matt Niskanen            Dylan DeMelo                                      30     0   3  2  
 4 Victor Hedman            Matt Niskanen                                     10     0   2  3  

PowerPlay Forward 
   Center                   Left Wing                Right Wing               Time % Phy DF OF 
 1 Ryan O'Reilly            Brayden Schenn           Zach Parise              50     0   0  5  
 2 Ryan Getzlaf             Clayton Keller           Brendan Gallagher        50     0   0  5  

PowerPlay Defense
   Defense                  Defense                                           Time % Phy DF OF 
 1 Damon Severson           Blake Wheeler                                     50     0   1  4  
 2 Victor Hedman            Matt Niskanen                                     50     0   1  4  

Penalty Kill 4 Players Forward 
   Center                   Wing                     Time % Phy DF OF 
 1 Ryan O'Reilly            Casey Cizikas            50     1   4  0  
 2 Luke Glendening          Cal Clutterbuck          50     1   4  0  

Penalty Kill 4 Players Defense
   Defense                  Defense                  Time % Phy DF OF 
 1 Victor Hedman            Ryan Graves              65     1   4  0  
 2 Damon Severson           Matt Niskanen            35     0   5  0  

Penalty Kill - 3 Players Forward 
   Forward                                           Time % Phy DF OF 
 1 Ryan O'Reilly                                     65     0   5  0  
 2 Luke Glendening                                   35     0   5  0  

Penalty Kill - 3 Players Defense
   Defense                  Defense                  Time % Phy DF OF 
 1 Victor Hedman            Ryan Graves              65     0   5  0  
 2 Damon Severson           Matt Niskanen            35     0   5  0  

4 vs 4 Forward 
   Center                   Wing                     Time % Phy DF OF 
 1 Ryan O'Reilly            Brayden Schenn           50     0   2  3  
 2 Ryan Getzlaf             Clayton Keller           50     0   2  3  

4 vs 4 Defense
   Defense                  Defense                  Time % Phy DF OF 
 1 Damon Severson           Blake Wheeler            50     0   2  3  
 2 Victor Hedman            Brendan Gallagher        50     0   2  3  

Last Minutes Offensive
   Center                   Left Wing                Right Wing               Defense                  Defense                  
   Ryan O'Reilly            Brayden Schenn           Blake Wheeler            Victor Hedman            Matt Niskanen            

Last Minutes Defensive
   Center                   Left Wing                Right Wing               Defense                  Defense                  
   Ryan O'Reilly            Casey Cizikas            Blake Wheeler            Victor Hedman            Ryan Graves              

Goaltenders
Starting : Carter Hart              
Backup : Carter Hutton            

Extra Forwards
Normal : Blake Wheeler, Ryan O'Reilly, Brayden Schenn - PP : Justin Williams, Casey Cizikas - PK : Blake Wheeler
Extra Defensemen
Normal : Victor Hedman, Damon Severson, Matt Niskanen - PP : Ryan Graves - PK : Radko Gudas, Dylan DeMelo
Penalty Shots
Ryan Getzlaf, Zach Parise, Justin Williams, Blake Wheeler, Ryan O'Reilly

Scratches
WSH Cap Hit (Suspend), Victor Mete (Healthy), Martin Frk (Healthy)

CAROLINA

5 vs 5 Forward 
   Center                   Left Wing                Right Wing               Time % Phy DF OF 
 1 Nicklas Backstrom        Dominik Kubalik          Alexander Radulov        35     1   2  2  
 2 Luke Kunin               Kyle Clifford            Adam Henrique            30     1   2  2  
 3 Sam Lafferty             Matt Martin              Joel L'Esperance         25     1   2  2  
 4 Ross Colton              Nicklas Backstrom        Cooper Marody            10     1   2  2  

5 vs 5 Defense 
   Defense                  Defense                                           Time % Phy DF OF 
 1 Brent Burns              Shea Weber                                        35     1   2  2  
 2 Erik Karlsson            Deryk Engelland                                   30     1   2  2  
 3 Matt Benning             Josh Brown                                        25     1   2  2  
 4 CAR Cap Hit              Brent Burns                                       10     1   2  2  

PowerPlay Forward 
   Center                   Left Wing                Right Wing               Time % Phy DF OF 
 1 Nicklas Backstrom        Dominik Kubalik          Alexander Radulov        60     1   2  2  
 2 Luke Kunin               Kyle Clifford            Adam Henrique            40     1   2  2  

PowerPlay Defense
   Defense                  Defense                                           Time % Phy DF OF 
 1 Brent Burns              Shea Weber                                        60     1   2  2  
 2 Erik Karlsson            Deryk Engelland                                   40     1   2  2  

Penalty Kill 4 Players Forward 
   Center                   Wing                     Time % Phy DF OF 
 1 Nicklas Backstrom        Alexander Radulov        60     1   2  2  
 2 Adam Henrique            Dominik Kubalik          40     1   2  2  

Penalty Kill 4 Players Defense
   Defense                  Defense                  Time % Phy DF OF 
 1 Brent Burns              Shea Weber               60     1   2  2  
 2 Erik Karlsson            Deryk Engelland          40     1   2  2  

Penalty Kill - 3 Players Forward 
   Forward                                           Time % Phy DF OF 
 1 Nicklas Backstrom                                 60     1   2  2  
 2 Alexander Radulov                                 40     1   2  2  

Penalty Kill - 3 Players Defense
   Defense                  Defense                  Time % Phy DF OF 
 1 Brent Burns              Shea Weber               60     1   2  2  
 2 Erik Karlsson            Deryk Engelland          40     1   2  2  

4 vs 4 Forward 
   Center                   Wing                     Time % Phy DF OF 
 1 Nicklas Backstrom        Alexander Radulov        60     1   2  2  
 2 Adam Henrique            Dominik Kubalik          40     1   2  2  

4 vs 4 Defense
   Defense                  Defense                  Time % Phy DF OF 
 1 Brent Burns              Shea Weber               60     1   2  2  
 2 Erik Karlsson            Deryk Engelland          40     1   2  2  

Last Minutes Offensive
   Center                   Left Wing                Right Wing               Defense                  Defense                  
   Nicklas Backstrom        Dominik Kubalik          Alexander Radulov        Brent Burns              Shea Weber               

Last Minutes Defensive
   Center                   Left Wing                Right Wing               Defense                  Defense                  
   Nicklas Backstrom        Dominik Kubalik          Alexander Radulov        Brent Burns              Shea Weber               

Goaltenders
Starting : Sergei Bobrovsky         
Backup : Samuel Montembeault      

Extra Forwards
Normal : Matt Martin, Sam Lafferty, Joel L'Esperance - PP : Matt Martin, Sam Lafferty - PK : Joel L'Esperance
Extra Defensemen
Normal : Matt Benning, Josh Brown, CAR Cap Hit - PP : Matt Benning - PK : Josh Brown, CAR Cap Hit
Penalty Shots
Nicklas Backstrom, Alexander Radulov, Adam Henrique, Dominik Kubalik, Luke Kunin

Scratches
Patrice Bergeron (Healthy)

% Time on Ice - WASHINGTON

Lines # - Real PCT - Wanted PCT - Time Play
Normal Forward
1 - 28% - 30% - 12:09
2 - 28% - 30% - 12:10
3 - 27% - 30% - 11:48
4 - 17% - 10% - 7:31
Normal Defense
1 - 30% - 30% - 13:08
2 - 34% - 30% - 14:53
3 - 32% - 30% - 13:54
4 - 4% - 10% - 1:43
PP Forward
1 - 50% - 50% - 5:13
2 - 50% - 50% - 5:18
PP Defense
1 - 51% - 50% - 5:24
2 - 49% - 50% - 5:07
PK Forward
1 - 59% - 50% - 3:27
2 - 41% - 50% - 2:24
PK Defense
1 - 62% - 65% - 3:37
2 - 38% - 35% - 2:14
PK3 Forward
1 - 0% - 65%
2 - 0% - 35%
PK3 Defense
1 - 0% - 65%
2 - 0% - 35%
44 Forward
1 - 0% - 50%
2 - 0% - 50%
44 Defense
1 - 0% - 50%
2 - 0% - 50%
Last Minute Offensive  - 0:00
Last Minute Defensive  - 0:00
Total
Forward - 60:00
Defense - 60:00

% Time on Ice - CAROLINA

Lines # - Real PCT - Wanted PCT - Time Play
Normal Forward
1 - 26% - 35% - 11:21
2 - 36% - 30% - 15:42
3 - 31% - 25% - 13:22
4 - 7% - 10% - 3:13
Normal Defense
1 - 32% - 35% - 14:06
2 - 33% - 30% - 14:33
3 - 29% - 25% - 12:32
4 - 6% - 10% - 2:27
PP Forward
1 - 54% - 60% - 3:10
2 - 46% - 40% - 2:41
PP Defense
1 - 58% - 60% - 3:24
2 - 42% - 40% - 2:27
PK Forward
1 - 78% - 60% - 8:15
2 - 22% - 40% - 2:16
PK Defense
1 - 65% - 60% - 6:52
2 - 35% - 40% - 3:39
PK3 Forward
1 - 0% - 60%
2 - 0% - 40%
PK3 Defense
1 - 0% - 60%
2 - 0% - 40%
44 Forward
1 - 0% - 60%
2 - 0% - 40%
44 Defense
1 - 0% - 60%
2 - 0% - 40%
Last Minute Offensive  - 0:00
Last Minute Defensive  - 0:00
Total
Forward - 60:00
Defense - 60:00

Play-by-Play

1st period


0:01 of 1st period - Brayden Schenn wins face-off versus Alexander Radulov in neutral zone.
1:32 of 1st period - Shot by Clayton Keller.
1:32 of 1st period - Shot Misses the Net.
1:34 of 1st period - Shot by Damon Severson.
1:34 of 1st period - Stopped by Sergei Bobrovsky without a rebound.
1:35 of 1st period - Sam Lafferty wins face-off versus Casey Cizikas in CAROLINA zone.
1:35 of 1st period - Sam Lafferty is hit by Casey Cizikas.
1:38 of 1st period - Minor Penalty to Casey Cizikas for Roughing.
1:39 of 1st period - Luke Glendening wins face-off versus Alexander Radulov in WASHINGTON zone.
1:39 of 1st period - Luke Glendening is hit by Dominik Kubalik.
1:45 of 1st period - Dominik Kubalik is hit by Cal Clutterbuck and loses puck.
1:51 of 1st period - Nicklas Backstrom is hit by Matt Niskanen and loses puck.
3:13 of 1st period - Matt Niskanen is hit by Dominik Kubalik and loses puck.
3:18 of 1st period - Shot by Brent Burns.
3:18 of 1st period - Stopped by Carter Hart without a rebound.
3:19 of 1st period - Luke Glendening wins face-off versus Luke Kunin in WASHINGTON zone.
3:19 of 1st period - Luke Glendening is hit by Kyle Clifford.
4:08 of 1st period - Off-side.
4:09 of 1st period - Luke Glendening wins face-off versus Nicklas Backstrom in neutral zone.
4:11 of 1st period - Damon Severson is hit by Brent Burns.
5:17 of 1st period - Shot by Sam Lafferty.
5:17 of 1st period - Deflect By Joel L'Esperance.
5:17 of 1st period - Shot Blocked by Radko Gudas.
5:23 of 1st period - Shot by Sam Lafferty.
5:23 of 1st period - Shot Blocked by Damon Severson.
5:49 of 1st period - Shot by Luke Kunin.
5:49 of 1st period - Stopped by Carter Hart without a rebound.
5:50 of 1st period - Luke Kunin wins face-off versus Casey Cizikas in WASHINGTON zone.
5:50 of 1st period - Brent Burns is hit by Victor Hedman and loses puck.
6:00 of 1st period - Minor Penalty to Ryan Graves for High sticking.
6:01 of 1st period - Ryan O'Reilly wins face-off versus Nicklas Backstrom in WASHINGTON zone.
7:07 of 1st period - Shot by Erik Karlsson.
7:07 of 1st period - Stopped by Carter Hart without a rebound.
7:08 of 1st period - Luke Kunin wins face-off versus Blake Wheeler in WASHINGTON zone.
7:35 of 1st period - Shot by Shea Weber.
7:35 of 1st period - Shot Misses the Net.
7:37 of 1st period - Shot by Kyle Clifford.
7:37 of 1st period - Stopped by Carter Hart without a rebound.
7:38 of 1st period - Nicklas Backstrom wins face-off versus Cal Clutterbuck in WASHINGTON zone.
7:53 of 1st period - Shot by Erik Karlsson.
7:53 of 1st period - Goal by Erik Karlsson - WASHINGTON : 0 - CAROLINA : 1.
7:54 of 1st period - Sam Lafferty wins face-off versus Ryan Getzlaf in neutral zone.
8:03 of 1st period - Shot by Matt Martin.
8:03 of 1st period - Stopped by Carter Hart with a rebound.
8:51 of 1st period - Off-side.
8:52 of 1st period - Casey Cizikas wins face-off versus Nicklas Backstrom in neutral zone.
9:09 of 1st period - Alexander Radulov is hit by Radko Gudas and loses puck.
9:39 of 1st period - Off-side.
9:40 of 1st period - Luke Kunin wins face-off versus Ryan O'Reilly in neutral zone.
9:43 of 1st period - Shot by Adam Henrique.
9:43 of 1st period - Stopped by Carter Hart without a rebound.
9:44 of 1st period - Ryan O'Reilly wins face-off versus Luke Kunin in WASHINGTON zone.
9:44 of 1st period - Ryan O'Reilly is hit by Luke Kunin.
9:49 of 1st period - Icing by Matt Niskanen.
9:50 of 1st period - Ryan O'Reilly wins face-off versus Luke Kunin in WASHINGTON zone.
10:07 of 1st period - Shot by Brayden Schenn.
10:07 of 1st period - Shot Misses the Net.
10:09 of 1st period - Shot by Matt Niskanen.
10:09 of 1st period - Shot Misses the Net.
10:43 of 1st period - Luke Kunin is hit by Casey Cizikas and loses puck.
11:16 of 1st period - Shot by Zach Parise.
11:16 of 1st period - Shot Misses the Net.
11:44 of 1st period - Shot by Dominik Kubalik.
11:44 of 1st period - Shot Misses the Net.
11:46 of 1st period - Shot by Nicklas Backstrom.
11:46 of 1st period - Shot Blocked by Radko Gudas.
11:48 of 1st period - Shot by Shea Weber.
11:48 of 1st period - Stopped by Carter Hart without a rebound.
11:49 of 1st period - Luke Glendening wins face-off versus Sam Lafferty in WASHINGTON zone.
11:49 of 1st period - Matt Niskanen is hit by Matt Martin and loses puck.
12:19 of 1st period - Minor Penalty to Josh Brown for Goalie Interference.
12:20 of 1st period - Ryan Getzlaf wins face-off versus Nicklas Backstrom in CAROLINA zone.
13:16 of 1st period - Shot by Matt Niskanen.
13:16 of 1st period - Deflect By Zach Parise.
13:16 of 1st period - Shot Misses the Net.
13:18 of 1st period - Shot by Matt Niskanen.
13:18 of 1st period - Stopped by Sergei Bobrovsky without a rebound.
13:19 of 1st period - Zach Parise wins face-off versus Adam Henrique in CAROLINA zone.
13:25 of 1st period - Shot by Matt Niskanen.
13:25 of 1st period - Shot Misses the Net.
13:27 of 1st period - Shot by Victor Hedman.
13:27 of 1st period - Shot Misses the Net.
13:29 of 1st period - Shot by Victor Hedman.
13:29 of 1st period - Stopped by Sergei Bobrovsky without a rebound.
13:30 of 1st period - Nicklas Backstrom wins face-off versus Ryan O'Reilly in CAROLINA zone.
13:30 of 1st period - Nicklas Backstrom is hit by Brayden Schenn.
14:09 of 1st period - Off-side.
14:10 of 1st period - Ryan Getzlaf wins face-off versus Nicklas Backstrom in neutral zone.
14:21 of 1st period - Shot by Brendan Gallagher.
14:21 of 1st period - Stopped by Sergei Bobrovsky without a rebound.
14:22 of 1st period - Sam Lafferty wins face-off versus Clayton Keller in CAROLINA zone.
14:36 of 1st period - Shot by Clayton Keller.
14:36 of 1st period - Shot Misses the Net.
14:54 of 1st period - Shot by Sam Lafferty.
14:54 of 1st period - Stopped by Carter Hart without a rebound.
14:55 of 1st period - Luke Kunin wins face-off versus Casey Cizikas in WASHINGTON zone.
15:03 of 1st period - Icing by Ryan Graves.
15:04 of 1st period - Casey Cizikas wins face-off versus Nicklas Backstrom in WASHINGTON zone.
16:03 of 1st period - Shot by Ryan O'Reilly.
16:03 of 1st period - Shot Blocked by Adam Henrique.
16:14 of 1st period - Shot by Ryan O'Reilly.
16:14 of 1st period - Shot Misses the Net.
16:24 of 1st period - Shot by Justin Williams.
16:24 of 1st period - Shot Misses the Net.
16:26 of 1st period - Shot by Dylan DeMelo.
16:26 of 1st period - Stopped by Sergei Bobrovsky without a rebound.
16:27 of 1st period - Ryan Getzlaf wins face-off versus Sam Lafferty in CAROLINA zone.
16:34 of 1st period - Shot by Ryan Getzlaf.
16:34 of 1st period - Deflect By Clayton Keller.
16:34 of 1st period - Shot Misses the Net.
16:44 of 1st period - Shot by Clayton Keller.
16:44 of 1st period - Stopped by Sergei Bobrovsky with a rebound.
16:46 of 1st period - Shot by Brendan Gallagher.
16:46 of 1st period - Shot Blocked by Matt Benning.
17:38 of 1st period - Shot by Cal Clutterbuck.
17:38 of 1st period - Stopped by Sergei Bobrovsky without a rebound.
17:39 of 1st period - Casey Cizikas wins face-off versus Nicklas Backstrom in CAROLINA zone.
18:39 of 1st period - Icing by Brent Burns.
18:40 of 1st period - Ryan O'Reilly wins face-off versus Luke Kunin in CAROLINA zone.
19:03 of 1st period - Adam Henrique is hit by Ryan Graves and loses puck.
Goals for this period are 0 for WASHINGTON vs 1 for CAROLINA.
Shots for this period are 7 for WASHINGTON vs 9 for CAROLINA.

2nd period


0:01 of 2nd period - Nicklas Backstrom wins face-off versus Ryan O'Reilly in neutral zone.
0:24 of 2nd period - Shot by Nicklas Backstrom.
0:24 of 2nd period - Stopped by Carter Hart without a rebound.
0:25 of 2nd period - Casey Cizikas wins face-off versus Sam Lafferty in WASHINGTON zone.
0:25 of 2nd period - Casey Cizikas is hit by Matt Martin.
0:30 of 2nd period - Off-side.
0:31 of 2nd period - Sam Lafferty wins face-off versus Casey Cizikas in neutral zone.
0:31 of 2nd period - Sam Lafferty is hit by Casey Cizikas.
0:41 of 2nd period - Shot by Joel L'Esperance.
0:41 of 2nd period - Shot Misses the Net.
0:47 of 2nd period - Joel L'Esperance is hit by Casey Cizikas and loses puck.
1:05 of 2nd period - Icing by Ryan Graves.
1:06 of 2nd period - Nicklas Backstrom wins face-off versus Casey Cizikas in WASHINGTON zone.
2:37 of 2nd period - Shot by Kyle Clifford.
2:37 of 2nd period - Stopped by Carter Hart with a rebound.
2:39 of 2nd period - Shot by Luke Kunin.
2:39 of 2nd period - Deflect By Adam Henrique.
2:39 of 2nd period - Shot Misses the Net.
2:41 of 2nd period - Shot by Kyle Clifford.
2:41 of 2nd period - Shot Misses the Net.
2:58 of 2nd period - Shot by Adam Henrique.
2:58 of 2nd period - Stopped by Carter Hart without a rebound.
2:59 of 2nd period - Sam Lafferty wins face-off versus Blake Wheeler in WASHINGTON zone.
2:59 of 2nd period - Sam Lafferty is hit by Ryan Graves.
3:11 of 2nd period - Shot by Sam Lafferty.
3:11 of 2nd period - Shot Misses the Net.
3:27 of 2nd period - Shot by Blake Wheeler.
3:27 of 2nd period - Stopped by Sergei Bobrovsky with a rebound.
3:29 of 2nd period - Shot by Casey Cizikas.
3:29 of 2nd period - Deflect By Zach Parise.
3:29 of 2nd period - Shot Misses the Net.
3:38 of 2nd period - Blake Wheeler is hit by Deryk Engelland and loses puck.
4:58 of 2nd period - Icing by Clayton Keller.
4:59 of 2nd period - Nicklas Backstrom wins face-off versus Ryan Getzlaf in WASHINGTON zone.
5:20 of 2nd period - Off-side.
5:21 of 2nd period - Luke Kunin wins face-off versus Casey Cizikas in neutral zone.
5:36 of 2nd period - Erik Karlsson is hit by Casey Cizikas and loses puck.
5:53 of 2nd period - Shot by Blake Wheeler.
5:53 of 2nd period - Deflect By Zach Parise.
5:53 of 2nd period - Stopped by Sergei Bobrovsky without a rebound.
5:54 of 2nd period - Sam Lafferty wins face-off versus Luke Glendening in CAROLINA zone.
6:17 of 2nd period - Shot by Cal Clutterbuck.
6:17 of 2nd period - Shot Misses the Net.
6:19 of 2nd period - Shot by Luke Glendening.
6:19 of 2nd period - Stopped by Sergei Bobrovsky without a rebound.
6:20 of 2nd period - Ryan Getzlaf wins face-off versus Nicklas Backstrom in CAROLINA zone.
6:20 of 2nd period - Clayton Keller is hit by Shea Weber and loses puck.
6:27 of 2nd period - Shot by Brendan Gallagher.
6:27 of 2nd period - Stopped by Sergei Bobrovsky without a rebound.
6:28 of 2nd period - Nicklas Backstrom wins face-off versus Justin Williams in CAROLINA zone.
6:53 of 2nd period - Shot by Justin Williams.
6:53 of 2nd period - Deflect By Ryan O'Reilly.
6:53 of 2nd period - Stopped by Sergei Bobrovsky with a rebound.
7:03 of 2nd period - Justin Williams is hit by Dominik Kubalik.
7:52 of 2nd period - Adam Henrique is hit by Matt Niskanen and loses puck.
8:19 of 2nd period - Shot by Blake Wheeler.
8:19 of 2nd period - Goal by Blake Wheeler - WASHINGTON : 1 - CAROLINA : 1.
8:20 of 2nd period - Matt Martin wins face-off versus Luke Glendening in neutral zone.
8:40 of 2nd period - Shot by Luke Glendening.
8:40 of 2nd period - Shot Misses the Net.
8:42 of 2nd period - Shot by Cal Clutterbuck.
8:42 of 2nd period - Deflect By Luke Glendening.
8:42 of 2nd period - Goal by Luke Glendening - WASHINGTON : 2 - CAROLINA : 1.
8:43 of 2nd period - Nicklas Backstrom wins face-off versus Casey Cizikas in neutral zone.
8:45 of 2nd period - Shea Weber is hit by Matt Niskanen and loses puck.
9:08 of 2nd period - Shot by Nicklas Backstrom.
9:08 of 2nd period - Deflect By Alexander Radulov.
9:08 of 2nd period - Shot Misses the Net.
9:10 of 2nd period - Shot by Dominik Kubalik.
9:10 of 2nd period - Stopped by Carter Hart without a rebound.
9:11 of 2nd period - Ryan O'Reilly wins face-off versus Sam Lafferty in WASHINGTON zone.
9:11 of 2nd period - Ryan O'Reilly is hit by Matt Martin.
9:18 of 2nd period - Icing by Radko Gudas.
9:19 of 2nd period - Sam Lafferty wins face-off versus Ryan O'Reilly in WASHINGTON zone.
9:29 of 2nd period - Shot by Sam Lafferty.
9:29 of 2nd period - Stopped by Carter Hart without a rebound.
9:30 of 2nd period - Brendan Gallagher wins face-off versus Nicklas Backstrom in WASHINGTON zone.
9:43 of 2nd period - Shot by Ryan Getzlaf.
9:43 of 2nd period - Shot Misses the Net.
11:03 of 2nd period - Shot by Kyle Clifford.
11:03 of 2nd period - Stopped by Carter Hart with a rebound.
11:34 of 2nd period - Shot by Justin Williams.
11:34 of 2nd period - Stopped by Sergei Bobrovsky without a rebound.
11:35 of 2nd period - Ross Colton wins face-off versus Luke Glendening in CAROLINA zone.
11:50 of 2nd period - Shot by Sam Bennett.
11:50 of 2nd period - Deflect By Luke Glendening.
11:50 of 2nd period - Stopped by Sergei Bobrovsky without a rebound.
11:51 of 2nd period - Ryan O'Reilly wins face-off versus Sam Lafferty in CAROLINA zone.
11:57 of 2nd period - Deryk Engelland is hit by Radko Gudas and loses puck.
12:16 of 2nd period - Shot by Joel L'Esperance.
12:16 of 2nd period - Deflect By Matt Martin.
12:16 of 2nd period - Shot Misses the Net.
13:13 of 2nd period - Off-side.
13:14 of 2nd period - Casey Cizikas wins face-off versus Nicklas Backstrom in neutral zone.
13:21 of 2nd period - Shot by Casey Cizikas.
13:21 of 2nd period - Deflect By Blake Wheeler.
13:21 of 2nd period - Shot Blocked by Nicklas Backstrom.
13:25 of 2nd period - Shot by Casey Cizikas.
13:25 of 2nd period - Shot Misses the Net.
13:37 of 2nd period - Shot by Dominik Kubalik.
13:37 of 2nd period - Stopped by Carter Hart without a rebound.
13:38 of 2nd period - Brendan Gallagher wins face-off versus Sam Lafferty in WASHINGTON zone.
13:40 of 2nd period - Double Minor Penalty to Matt Martin for Roughing.
13:41 of 2nd period - Ryan Getzlaf wins face-off versus Nicklas Backstrom in CAROLINA zone.
14:04 of 2nd period - Shot by Ryan Getzlaf.
14:04 of 2nd period - Stopped by Sergei Bobrovsky without a rebound.
14:05 of 2nd period - Nicklas Backstrom wins face-off versus Brayden Schenn in CAROLINA zone.
14:05 of 2nd period - Nicklas Backstrom is hit by Brayden Schenn.
14:37 of 2nd period - Shot by Zach Parise.
14:37 of 2nd period - Shot Blocked by Deryk Engelland.
14:48 of 2nd period - Icing by Brayden Schenn.
14:49 of 2nd period - Ryan O'Reilly wins face-off versus Nicklas Backstrom in WASHINGTON zone.
15:29 of 2nd period - Shot by Victor Hedman.
15:29 of 2nd period - Shot Blocked by Deryk Engelland.
15:53 of 2nd period - Matt Niskanen is hit by Joel L'Esperance and loses puck.
16:32 of 2nd period - Shot by Ryan O'Reilly.
16:32 of 2nd period - Deflect By Zach Parise.
16:32 of 2nd period - Stopped by Sergei Bobrovsky with a rebound.
16:46 of 2nd period - Shot by Blake Wheeler.
16:46 of 2nd period - Stopped by Sergei Bobrovsky without a rebound.
16:47 of 2nd period - Nicklas Backstrom wins face-off versus Ryan O'Reilly in CAROLINA zone.
17:28 of 2nd period - Shea Weber is hit by Justin Williams and loses puck.
17:56 of 2nd period - Shot by Matt Martin.
17:56 of 2nd period - Deflect By Sam Lafferty.
17:56 of 2nd period - Shot Misses the Net.
18:05 of 2nd period - Sam Bennett is hit by Matt Benning and loses puck.
18:41 of 2nd period - Shot by Clayton Keller.
18:41 of 2nd period - Shot Misses the Net.
19:55 of 2nd period - Brent Burns is hit by Brayden Schenn and loses puck.
Goals for this period are 2 for WASHINGTON vs 0 for CAROLINA.
Shots for this period are 12 for WASHINGTON vs 7 for CAROLINA.

3rd period


0:01 of 3rd period - Nicklas Backstrom wins face-off versus Blake Wheeler in neutral zone.
0:14 of 3rd period - Shot by Nicklas Backstrom.
0:14 of 3rd period - Stopped by Carter Hart without a rebound.
0:15 of 3rd period - Adam Henrique wins face-off versus Ryan Getzlaf in WASHINGTON zone.
0:22 of 3rd period - Shot by Adam Henrique.
0:22 of 3rd period - Stopped by Carter Hart without a rebound.
0:23 of 3rd period - Casey Cizikas wins face-off versus Nicklas Backstrom in WASHINGTON zone.
0:23 of 3rd period - Casey Cizikas is hit by Nicklas Backstrom.
0:38 of 3rd period - Minor Penalty to Casey Cizikas for Delaying the game.
0:39 of 3rd period - Luke Kunin wins face-off versus Luke Glendening in WASHINGTON zone.
0:55 of 3rd period - Adam Henrique is hit by Matt Niskanen and loses puck.
1:18 of 3rd period - Shot by Kyle Clifford.
1:18 of 3rd period - Deflect By Luke Kunin.
1:18 of 3rd period - Stopped by Carter Hart without a rebound.
1:19 of 3rd period - Nicklas Backstrom wins face-off versus Luke Glendening in WASHINGTON zone.
1:24 of 3rd period - Shot by Shea Weber.
1:24 of 3rd period - Stopped by Carter Hart without a rebound.
1:25 of 3rd period - Luke Glendening wins face-off versus Nicklas Backstrom in WASHINGTON zone.
1:33 of 3rd period - Icing by Alexander Radulov.
1:34 of 3rd period - Nicklas Backstrom wins face-off versus Luke Glendening in CAROLINA zone.
2:40 of 3rd period - Shot by Sam Lafferty.
2:40 of 3rd period - Stopped by Carter Hart without a rebound.
2:41 of 3rd period - Ryan Getzlaf wins face-off versus Sam Lafferty in WASHINGTON zone.
2:45 of 3rd period - Brendan Gallagher is hit by Josh Brown and loses puck.
2:48 of 3rd period - Shot by Damon Severson.
2:48 of 3rd period - Shot Misses the Net.
2:50 of 3rd period - Shot by Damon Severson.
2:50 of 3rd period - Shot Blocked by Josh Brown.
2:54 of 3rd period - Shot by Damon Severson.
2:54 of 3rd period - Stopped by Sergei Bobrovsky without a rebound.
2:55 of 3rd period - Ryan O'Reilly wins face-off versus Luke Kunin in CAROLINA zone.
3:04 of 3rd period - Shot by Ryan O'Reilly.
3:04 of 3rd period - Shot Misses the Net.
3:28 of 3rd period - Shot by Ryan O'Reilly.
3:28 of 3rd period - Stopped by Sergei Bobrovsky without a rebound.
3:29 of 3rd period - Casey Cizikas wins face-off versus Sam Lafferty in CAROLINA zone.
4:36 of 3rd period - Shot by Nicklas Backstrom.
4:36 of 3rd period - Stopped by Carter Hart without a rebound.
4:37 of 3rd period - Ryan Getzlaf wins face-off versus Luke Kunin in WASHINGTON zone.
4:37 of 3rd period - Dylan DeMelo is hit by Kyle Clifford and loses puck.
4:58 of 3rd period - Shot by Luke Kunin.
4:58 of 3rd period - Stopped by Carter Hart without a rebound.
4:59 of 3rd period - Nicklas Backstrom wins face-off versus Ryan O'Reilly in WASHINGTON zone.
5:09 of 3rd period - Off-side.
5:10 of 3rd period - Ryan Getzlaf wins face-off versus Ross Colton in neutral zone.
5:15 of 3rd period - Shot by Clayton Keller.
5:15 of 3rd period - Shot Blocked by Shea Weber.
5:17 of 3rd period - Shot by Brendan Gallagher.
5:17 of 3rd period - Shot Misses the Net.
5:19 of 3rd period - Shot by Clayton Keller.
5:19 of 3rd period - Shot Blocked by Brent Burns.
5:25 of 3rd period - Shot by Ryan Getzlaf.
5:25 of 3rd period - Shot Misses the Net.
5:27 of 3rd period - Shot by Brendan Gallagher.
5:27 of 3rd period - Shot Blocked by Shea Weber.
5:29 of 3rd period - Shot by Clayton Keller.
5:29 of 3rd period - Stopped by Sergei Bobrovsky with a rebound.
5:31 of 3rd period - Shot by Ryan Getzlaf.
5:31 of 3rd period - Stopped by Sergei Bobrovsky without a rebound.
5:32 of 3rd period - Kyle Clifford wins face-off versus Ryan O'Reilly in CAROLINA zone.
6:33 of 3rd period - Shot by Zach Parise.
6:33 of 3rd period - Stopped by Sergei Bobrovsky without a rebound.
6:34 of 3rd period - Nicklas Backstrom wins face-off versus Ryan Getzlaf in CAROLINA zone.
6:42 of 3rd period - Ryan Getzlaf is hit by Alexander Radulov and loses puck.
7:02 of 3rd period - Icing by Victor Hedman.
7:03 of 3rd period - Sam Lafferty wins face-off versus Ryan Getzlaf in WASHINGTON zone.
7:12 of 3rd period - Shot by Matt Martin.
7:12 of 3rd period - Shot Misses the Net.
8:17 of 3rd period - Damon Severson is hit by Sam Lafferty and loses puck.
8:26 of 3rd period - Shot by Brayden Schenn.
8:26 of 3rd period - Stopped by Sergei Bobrovsky without a rebound.
8:27 of 3rd period - Nicklas Backstrom wins face-off versus Luke Glendening in CAROLINA zone.
8:27 of 3rd period - Nicklas Backstrom is hit by Cal Clutterbuck.
8:54 of 3rd period - Shot by Cal Clutterbuck.
8:54 of 3rd period - Shot Misses the Net.
10:13 of 3rd period - Off-side.
10:14 of 3rd period - Ryan O'Reilly wins face-off versus Cooper Marody in neutral zone.
10:36 of 3rd period - Icing by Dylan DeMelo.
10:37 of 3rd period - Ryan O'Reilly wins face-off versus Sam Lafferty in WASHINGTON zone.
10:52 of 3rd period - Shot by Joel L'Esperance.
10:52 of 3rd period - Stopped by Carter Hart without a rebound.
10:53 of 3rd period - Luke Kunin wins face-off versus Ryan Getzlaf in WASHINGTON zone.
10:53 of 3rd period - Luke Kunin is hit by Ryan Graves.
11:09 of 3rd period - Icing by Josh Brown.
11:10 of 3rd period - Casey Cizikas wins face-off versus Luke Kunin in CAROLINA zone.
11:46 of 3rd period - Matt Niskanen is hit by Shea Weber and loses puck.
12:02 of 3rd period - Minor Penalty to Shea Weber for Tripping.
12:03 of 3rd period - Ryan Getzlaf wins face-off versus Nicklas Backstrom in CAROLINA zone.
12:04 of 3rd period - Shot by Victor Hedman.
12:04 of 3rd period - Stopped by Sergei Bobrovsky without a rebound.
12:05 of 3rd period - Ryan Getzlaf wins face-off versus Nicklas Backstrom in CAROLINA zone.
12:21 of 3rd period - Shot by Damon Severson.
12:21 of 3rd period - Stopped by Sergei Bobrovsky without a rebound.
12:22 of 3rd period - Brayden Schenn wins face-off versus Nicklas Backstrom in CAROLINA zone.
12:23 of 3rd period - Shot by Victor Hedman.
12:23 of 3rd period - Stopped by Sergei Bobrovsky without a rebound.
12:24 of 3rd period - Nicklas Backstrom wins face-off versus Ryan Getzlaf in CAROLINA zone.
12:24 of 3rd period - Nicklas Backstrom is hit by Ryan Getzlaf.
12:40 of 3rd period - Shot by Brendan Gallagher.
12:40 of 3rd period - Stopped by Sergei Bobrovsky without a rebound.
12:41 of 3rd period - Ryan O'Reilly wins face-off versus Nicklas Backstrom in CAROLINA zone.
14:02 of 3rd period - Clayton Keller is hit by Erik Karlsson and loses puck.
14:12 of 3rd period - Cal Clutterbuck is hit by Deryk Engelland and loses puck.
14:42 of 3rd period - Icing by Deryk Engelland.
14:43 of 3rd period - Brayden Schenn wins face-off versus Luke Kunin in CAROLINA zone.
15:09 of 3rd period - Brayden Schenn is hit by Deryk Engelland and loses puck.
15:40 of 3rd period - Minor Penalty to Erik Karlsson for Hooking.
15:41 of 3rd period - Nicklas Backstrom wins face-off versus Ryan Getzlaf in CAROLINA zone.
15:47 of 3rd period - Icing by Blake Wheeler.
15:48 of 3rd period - Ryan Getzlaf wins face-off versus Nicklas Backstrom in WASHINGTON zone.
16:01 of 3rd period - Shot by Ryan Getzlaf.
16:01 of 3rd period - Stopped by Sergei Bobrovsky without a rebound.
16:02 of 3rd period - Ryan O'Reilly wins face-off versus Nicklas Backstrom in CAROLINA zone.
16:13 of 3rd period - Shot by Ryan O'Reilly.
16:13 of 3rd period - Shot Hit the Post.
16:15 of 3rd period - Shot by Brayden Schenn.
16:15 of 3rd period - Deflect By Zach Parise.
16:15 of 3rd period - Goal by Zach Parise - WASHINGTON : 3 - CAROLINA : 1.
16:16 of 3rd period - Ryan Getzlaf wins face-off versus Sam Lafferty in neutral zone.
16:23 of 3rd period - Shot by Dylan DeMelo.
16:23 of 3rd period - Shot Blocked by Josh Brown.
16:29 of 3rd period - Shot by Sam Lafferty.
16:29 of 3rd period - Shot Misses the Net.
16:31 of 3rd period - Shot by Matt Martin.
16:31 of 3rd period - Shot Blocked by Matt Niskanen.
16:51 of 3rd period - Shot by Ryan Getzlaf.
16:51 of 3rd period - Shot Misses the Net.
16:59 of 3rd period - Minor Penalty to Matt Martin for Slashing.
17:00 of 3rd period - Nicklas Backstrom wins face-off versus Ryan O'Reilly in CAROLINA zone.
17:33 of 3rd period - Shot by Blake Wheeler.
17:33 of 3rd period - Stopped by Sergei Bobrovsky without a rebound.
17:34 of 3rd period - Ryan Getzlaf wins face-off versus Adam Henrique in CAROLINA zone.
17:41 of 3rd period - Shot by Brendan Gallagher.
17:41 of 3rd period - Stopped by Sergei Bobrovsky without a rebound.
17:42 of 3rd period - Ryan Getzlaf wins face-off versus Nicklas Backstrom in CAROLINA zone.
17:45 of 3rd period - Shot by Clayton Keller.
17:45 of 3rd period - Stopped by Sergei Bobrovsky with a rebound.
17:49 of 3rd period - Shot by Brendan Gallagher.
17:49 of 3rd period - Shot Misses the Net.
18:56 of 3rd period - Shot by Damon Severson.
18:56 of 3rd period - Stopped by Sergei Bobrovsky without a rebound.
18:57 of 3rd period - Adam Henrique wins face-off versus Ryan O'Reilly in CAROLINA zone.
19:12 of 3rd period - Shot by Sam Lafferty.
19:12 of 3rd period - Shot Blocked by Damon Severson.
19:14 of 3rd period - Shot by Josh Brown.
19:14 of 3rd period - Shot Misses the Net.
19:33 of 3rd period - Shot by Joel L'Esperance.
19:33 of 3rd period - Shot Blocked by Damon Severson.
Goals for this period are 1 for WASHINGTON vs 0 for CAROLINA.
Shots for this period are 16 for WASHINGTON vs 8 for CAROLINA.